 Dungeon Crawl Stone Soup version 0.26-a0-415-g2a9615731a (webtiles) character file.

Game seed: 2301792726169461693

8232 Ge0ff the Fighter (level 11, -9/92 HPs)
             Began as a Human Berserker on July 25, 2020.
             Was a High Priest of Trog.
             Mangled by a two-headed ogre
             ... wielding a +0 giant club
              (13 damage)
             ... on level 10 of the Dungeon.
             The game lasted 00:34:27 (10970 turns).

Ge0ff the Fighter (Human Berserker)                Turns: 10970, Time: 00:34:28

Health: -9/92      AC: 18    Str: 20    XL:     11   Next: 52%
Magic:  20/20      EV:  9    Int:  9    God:    Trog [*****.]
Gold:   431        SH:  0    Dex: 12    Spells: 10/10 levels left

rFire    . . .     SeeInvis .   a - +0 scimitar
rCold    . . .     Faith    .   (no shield)
rNeg     . . .     Spirit   .   z - +2 chain mail {MR+}
rPois    +         Reflect  .   Z - +1 hat
rElec    .         Harm     +   J - +0 cloak "Cuiw" {Harm MP+9} (curse)
rCorr    .                      P - +2 pair of gloves
MR       ++...                  V - +0 pair of boots
Stlth    ..........             (no amulet)
HPRegen  0.25/turn              R - ring of poison resistance
MPRegen  0.17/turn              D - ring of protection from magic {=R}

@: berserk cooldown, slowed, studying Fighting, very slow
A: no striking features
a: Berserk, Trog's Hand, Brothers in Arms, Renounce Religion


You were on level 10 of the Dungeon.
You worshipped Trog.
Trog was extremely pleased with you.
You visited 2 branches of the dungeon, and saw 11 of its levels.

You collected 538 gold pieces.
You spent 107 gold pieces at shops.

Inventory:

Hand Weapons
 a - a +0 scimitar (weapon)
 b - a +2 whip of freezing
 K - a +1 falchion
 O - a +0 flail of protection
Missiles
 g - a throwing net {=f}
 G - 253 stones (quivered)
Armour
 z - a +2 chain mail of magic resistance (worn)
 I - a +0 plate armour
 J - the cursed +0 cloak "Cuiw" (worn) {Harm MP+9}
   (You found it on level 5 of the Dungeon)

   It affects your magic capacity (+9).
   It increases damage dealt and taken.
   It has a curse placed upon it.
 M - a +0 troll leather armour
 P - a +2 pair of gloves (worn)
 V - a +0 pair of boots (worn)
 Z - a +1 hat (worn)
Jewellery
 n - an uncursed ring of protection from cold
 D - a ring of protection from magic (right hand) {=R}
 R - a ring of poison resistance (left hand)
Wands
 d - a wand of digging (6)
 f - a wand of flame (22)
 s - a wand of disintegration (6)
Scrolls
 i - 2 scrolls of identify
 m - 3 scrolls of magic mapping
 A - 3 scrolls of enchant weapon
 B - 2 scrolls of immolation
 C - 3 scrolls of remove curse
 E - 3 scrolls of fear
 F - 3 scrolls of fog
 S - a scroll of summoning
 T - 5 scrolls of teleportation
Potions
 q - 3 potions of curing
 H - 2 potions of haste {!q}
 L - 2 potions of lignification
 N - a potion of cancellation {!q}
 Q - a potion of magic {unknown}
 U - 3 potions of mutation
 W - 3 potions of heal wounds {!q}
 X - 4 potions of flight
Books
 Y - a manual of Fighting


   Skills:
 + Level 10.7 Fighting
 * Level 9.5 Long Blades
 * Level 9.5 Maces & Flails
 - Level 5.0 Armour
 - Level 3.0 Dodging
 - Level 2.0 Stealth
 + Level 5.1 Evocations


You had 10 spell levels left.
You didn't know any spells.
Your spell library was empty.

Dungeon Overview and Level Annotations

Branches:
Dungeon (10/15)            Temple (1/1) D:7
   Lair: D:8-11         Orc: D:9-12

Altars:
Ashenzari
Dithmenos
Elyvilon
Makhleb
Okawaru
Sif Muna
Xom

Shops:
D:6 [   D:8 =   D:9 ?


Message History

The two-headed ogre is moderately wounded.
The two-headed ogre hits you but does no damage. x2
There is an open door, spattered with blood here.
You completely miss the two-headed ogre.
The two-headed ogre is moderately wounded.
The two-headed ogre hits you with a +0 giant club!
The two-headed ogre completely misses you.
There is an open door, spattered with blood here.
Your chain mail prevents you from hitting the two-headed ogre.
The two-headed ogre is moderately wounded.
The two-headed ogre hits you with a +0 giant club!
The two-headed ogre hits you with a +0 giant spiked club!!
* * * LOW HITPOINT WARNING * * *
There is an open door, spattered with blood here.
You barely miss the two-headed ogre.
The two-headed ogre is moderately wounded.
The two-headed ogre hits you with a +0 giant club!
* * * LOW HITPOINT WARNING * * *
The two-headed ogre hits you with a +0 giant spiked club!
You die...

.........≈≈≈#
............≈≈≈# ...#
#....≈≈≈# ...# #..).≈≈≈≈
...# #....≈≈≈≈
####..##+#..(.≈≈≈≈ .
#..#..........≈≈≈≈ ...
#O.#........(.≈≈≈≈
.....#@##.........(≈≈≈≈
⌠...................(:..
..................(.....
............)[†.....≈≈≈≈
......##+#..#'##....≈≈≈≈
...... #..#.)#...≈≈≈≈≈
+##... #..#..#...≈≈≈≈≈
#.?. ###..#..#..≈≈≈≈≈≈
#. .....####..≈≈≈≈≈≈


You could see a two-headed ogre.

Vanquished Creatures
  Erolcha (D:10)
  A two-headed ogre (D:8)
  Pikel (D:4)
  Joseph (D:7)
  A troll (D:5)
  A merfolk (D:10)
  Prince Ribbit (D:8)
  Grinder (D:5)
  3 hippogriffs
  2 hogs (D:10)
  A vampire (D:5)
  A phantom (D:8)
  2 ice beasts
  3 sky beasts
  4 orc warriors
  2 black bears (D:9)
  4 ogres
  4 centaurs
  3 big kobolds
  3 lemures
  Blork the orc (D:5)
  11 bullfrogs
  A gnoll sergeant (D:10)
  A wyvern skeleton (D:7)
  3 scorpions
  4 wights (D:9)
  3 electric eels (D:10)
  A bullfrog zombie (D:9)
  A quasit (D:5)
  An orc priest (D:9)
  4 bullfrog skeletons (D:5)
  A centaur skeleton (D:4)
  3 hounds
  8 orc wizards
  2 iguanas
  4 worker ants
  14 gnolls
  A howler monkey skeleton (D:4)
  17 adders
  A shadow imp (D:9)
  2 white imps
  An ooze (D:4)
  2 ufetubi (D:6)
  An adder zombie (D:7)
  A worm (D:3)
  A dart slug (D:1)
  6 leopard geckos
  36 orcs
  6 giant cockroaches
  10 goblins
  5 hobgoblins
  6 jackals
  A quokka (D:3)
  A ball python skeleton (D:5)
  13 bats
  A jackal skeleton (D:4)
  17 kobolds
  A leopard gecko skeleton (D:4)
  6 rats
  A plant (D:10)
240 creatures vanquished.

Notes
Turn   | Place    | Note
-------+----------+-------------------------------------------
     0 | D:1      | Ge0ff the Human Berserker began the quest for the Orb.
     0 | D:1      | Reached XP level 1. HP: 18/18 MP: 1/1
   118 | D:1      | Reached XP level 2. HP: 22/24 MP: 2/2
   181 | D:1      | Reached skill level 1 in Stealth
   563 | D:1      | Reached XP level 3. HP: 27/29 MP: 3/3
   956 | D:2      | Found a shadowy altar of Dithmenos.
  1119 | D:1      | HP: 1/43 [gnoll/+0 club (7)]
  1122 | D:1      | Reached XP level 4. HP: 11/35 MP: 4/4
  1886 | D:2      | Reached XP level 5. HP: 41/41 MP: 5/5
  2231 | D:2      | Reached ** piety under Trog
  2342 | D:2      | Found a shattered altar of Ashenzari.
  2342 | D:2      | Found a shimmering blue altar of Sif Muna.
  2616 | D:2      | Reached skill level 5 in Long Blades
  2884 | D:3      | You fall into a shaft and drop 2 floors!
  2884 | D:5      | Entered Level 5 of the Dungeon
  2899 | D:5      | Reached XP level 6. HP: 47/47 MP: 6/6
  3056 | D:5      | Noticed an ogre
  3079 | D:5      | Killed an ogre
  3079 | D:5      | Reached skill level 4 in Fighting
  3434 | D:4      | Reached XP level 7. HP: 45/54 MP: 7/7
  3796 | D:5      | Noticed Blork the orc
  4420 | D:3      | Found a burning altar of Makhleb.
  4422 | D:3      | Noticed a blizzard demon
  4447 | D:3      | Reached XP level 8. HP: 59/61 MP: 8/8
  4608 | D:3      | Reached *** piety under Trog
  4932 | D:3      | You fall into a shaft and drop 2 floors!
  5130 | D:4      | Noticed Pikel
  5155 | D:4      | Killed Pikel
  5155 | D:4      | Reached skill level 5 in Fighting
  5155 | D:4      | Reached skill level 1 in Maces & Flails
  5552 | D:5      | Noticed a vampire
  5554 | D:5      | Noticed a troll
  5638 | D:5      | Killed a troll
  5638 | D:5      | Reached XP level 9. HP: 69/69 MP: 9/9
  5767 | D:5      | Killed Blork the orc
  5862 | D:5      | Reached skill level 6 in Fighting
  6039 | D:5      | Got a pitted cloak
  6086 | D:4      | Identified the cursed +0 cloak "Cuiw" {Harm MP+9} (You
                  | found it on level 5 of the Dungeon)
  6249 | D:5      | Reached skill level 5 in Armour
  6369 | D:5      | Noticed Grinder
  6381 | D:5      | Killed Grinder
  6381 | D:5      | Reached skill level 7 in Fighting
  6538 | D:6      | Reached skill level 5 in Maces & Flails
  6685 | D:6      | Found Junt's Armour Emporium.
  7150 | D:6      | Reached skill level 8 in Fighting
  7223 | D:6      | Reached skill level 1 in Evocations
  7271 | D:7      | Found a staircase to the Ecumenical Temple.
  7271 | D:7      | Noticed a hippogriff
  7276 | D:7      | Killed a hippogriff
  7276 | D:7      | Reached XP level 10. HP: 81/81 MP: 10/10
  7340 | Temple   | Entered the Ecumenical Temple
  7442 | D:7      | Noticed Joseph
  7463 | D:7      | Killed Joseph
  7468 | D:7      | Reached skill level 9 in Fighting
  8077 | D:7      | Found a shimmering altar of Xom.
  8077 | D:7      | Found a white marble altar of Elyvilon.
  8126 | D:8      | Noticed Prince Ribbit
  8158 | D:8      | Reached **** piety under Trog
  8265 | D:8      | Found Orouzax's Jewellery Shop.
  8268 | D:8      | Bought a cursed amulet of inaccuracy for 30 gold pieces
  8279 | D:8      | Killed Prince Ribbit
  8705 | D:8      | Noticed a two-headed ogre
  8966 | D:8      | Killed a two-headed ogre
  9265 | D:9      | Reached skill level 10 in Fighting
  9278 | D:9      | Reached XP level 11. HP: 90/90 MP: 11/11
  9408 | D:9      | Reached ***** piety under Trog
 10101 | D:9      | Found an iron altar of Okawaru.
 10164 | D:9      | Found Nufoth's Magic Scroll Boutique.
 10167 | D:9      | Bought a scroll of identify for 28 gold pieces
 10167 | D:9      | Bought a scroll of immolation for 49 gold pieces
 10301 | D:10     | Entered Level 10 of the Dungeon
 10929 | D:10     | Noticed Erolcha
 10943 | D:10     | Killed Erolcha
 10943 | D:10     | Reached skill level 5 in Evocations
 10962 | D:10     | Noticed a two-headed ogre
 10970 | D:10     | HP: 4/92 [two-headed ogre/+0 giant club (18)]
 10970 | D:10     | Mangled by a two-headed ogre

Illustrated notes

Levels and vault maps discovered:
D:1:      dpeg_arrival_round_c, layout_rooms, minmay_bisected
D:2:      layout_basic, gammafunk_temple_overflow_wave, grunt_dithmenos_smoke
D:3:      layout_basic, makhleb_altar_promises_db
D:4:      layout_loops_cross, uniq_pikel
D:5:      layout_rooms, minmay_manual_mess, uniq_grinder, uniq_blork_the_orc
D:6:      layout_loops_cross, serial_shops, shop_fountains
D:7:      layout_rooms, gammafunk_temple_overflow_elements,
          minmay_temple_entry_grid, uniq_joseph
D:8:      layout_rooms, serial_shops, kennysheep_mini, moated_statue,
          minivault_1, kennysheep_another_room, uniq_prince_ribbit1
D:9:      layout_long_grid, serial_shops, nicolae_shop_behind_doors,
          okawaru_gym_becter
D:10:     kennysheep_town, uniq_erolcha
Temple:   dpeg_five_rooms_temple

Skill      XL: |  1  2  3  4  5  6  7  8  9 10 11 |
---------------+----------------------------------+-----
Stealth        | 1 2 |  2.0
Long Blades    | 4 5 6 7 8 9 |  9.5
Fighting       | 4 5 8 10 | 10.7
Armour         | 3 4 5 |  5.0
Maces & Flails | 2 6 8 9 |  9.5
Dodging        | 3 |  3.0
Evocations     | 1 4 5 |  5.1

Action                   |  1- 3 |  4- 6 |  7- 9 | 10-12 || total
-------------------------+-------+-------+-------+-------++-------
Melee: Falchion          |    74 |   114 |   242 |       ||   430
       Scimitar          |       |       |   154 |   407 ||   561
Throw: Stone             |    10 |    13 |    72 |    64 ||   159
Invok: Berserk           |     2 |     4 |     9 |     6 ||    21
       Trog's Hand       |       |       |     2 |       ||     2
Evoke: Wand              |       |       |       |     5 ||     5
  Use: Potion            |     1 |       |       |       ||     1
       Scroll            |       |    10 |     5 |     3 ||    18
 Stab: Sleeping          |     2 |     3 |       |       ||     5
Armor: Animal skin       |    18 |       |       |       ||    18
       Leather armour    |     2 |    19 |       |       ||    21
       Ring mail         |       |     2 |    30 |       ||    32
       Chain mail        |       |       |   191 |   238 ||   429
Dodge: Dodged            |    56 |    75 |   185 |   156 ||   472
       Rpst.: Falchion   |    13 |    24 |    32 |       ||    69
       Scimitar          |       |       |    22 |    37 ||    59

Table legend: (Time is in decaauts)
 A = Elapsed time spent in this place.
 B = Non-inter-level travel time spent in this place.
 C = Inter-level travel time spent in this place.
 D = Time resting spent in this place.
 E = Time spent auto-exploring this place.
 F = Levels seen in this place.
 G = Mean time per level.
                   A        B        C        D        E       F      G
               +--------+--------+--------+--------+--------+-----+--------+
         Total |  11168 |  10678 |    490 |    883 |   6788 |  11 | 1015.3 |
       Dungeon |  11166 |  10676 |    490 |    883 |   6788 |  10 | 1116.6 |
        Temple |      1 |      1 |      0 |      0 |      0 |   1 |    1.0 |
               +--------+--------+--------+--------+--------+-----+--------+

Top non-repeatable levels by time:
     D:2: 1753 daAuts
     D:5: 1629 daAuts
     D:8: 1263 daAuts
     D:4: 1242 daAuts
     D:1: 1183 daAuts
     D:9: 935 daAuts
     D:6: 854 daAuts
     D:7: 828 daAuts
     D:3: 795 daAuts
    D:10: 679 daAuts
  Temple: 1 daAuts
